 Dungeon Crawl Stone Soup version 0.29-a0-416-g83a48905f1 (webtiles) character file.

Game seed: 2820075096032056389

16891 hquester the Fighter (level 12, -7/94 HPs)
             Began as a Demonspawn Warper on May 16, 2022.
             Hit by a boomerang thrown by an orc warrior (9 damage)
             ... on level 2 of the Orcish Mines.
             The game lasted 01:08:11 (16363 turns).

hquester the Fighter (Demonspawn Warper)           Turns: 16363, Time: 01:08:13

Health: -7/94      AC:  9    Str: 14    XL:     12   Next: 14%
Magic:  15/15      EV: 15    Int: 22    God:
Gold:   930        SH:  0    Dex: 14    Spells: 15/15 levels left

rFire   . . .      SeeInvis .   l - +2 dagger (venom)
rCold   . . .      Faith    .   (no shield)
rNeg    . . .      Spirit   .   G - +0 troll leather armour
rPois   .          Reflect  .   (helmet restricted)
rElec   .          Harm     .   f - +1 cloak {Will+}
rCorr   .          Rampage  .   (no gloves)
Will    ++...                   j - +0 pair of boots
Stlth   ++++......              (no amulet)
HPRegen 1.05/turn               F - ring of willpower
MPRegen 0.14/turn               x - +6 ring of intelligence

@: no status effects
A: antennae 2, demonic guardian 2, spiny 1, weakness stinger 2, demonic touch 1
a: no special abilities


You were on level 2 of the Orcish Mines.
You visited 2 branches of the dungeon, and saw 14 of its levels.
You also visited: Ossuary.

You collected 930 gold pieces.

Inventory:

Hand Weapons
 l - a +2 dagger of venom (weapon)
Missiles
 d - 7 boomerangs of dispersal (quivered)
 q - 11 boomerangs
Armour
 f - a +1 cloak of willpower (worn)
 j - a +0 pair of boots (worn)
 o - a +0 scale mail
 G - a +0 troll leather armour (worn)
Jewellery
 r - an amulet of faith
 w - a ring of resist corrosion
 x - a +6 ring of intelligence (right hand)
 F - a ring of willpower (left hand)
 I - an amulet of reflection
Wands
 a - a wand of iceblast (18)
 g - a wand of flame (2)
 k - a wand of polymorph (2)
 D - a wand of digging (5)
Scrolls
 i - 2 scrolls of amnesia {unknown}
 n - 6 scrolls of teleportation
 t - a scroll of fog {unknown}
 y - 3 scrolls of immolation {unknown}
 C - 3 scrolls of magic mapping {unknown}
 H - a scroll of poison
Potions
 b - a potion of ambrosia
 e - 7 potions of attraction
 h - 3 potions of magic
 m - 4 potions of brilliance
 p - 3 potions of might
 s - 2 potions of haste
 v - 5 potions of curing
 z - 4 potions of mutation
 A - a potion of berserk rage
 B - a potion of flight
 E - a potion of lignification {unknown}
 J - a potion of heal wounds


   Skills:
 + Level 8.9 Fighting
 + Level 8.1 Short Blades
 - Level 0.8 Throwing
 + Level 8.0 Armour
 + Level 8.1 Dodging
 + Level 8.6 Stealth
 + Level 5.0 Unarmed Combat
 - Level 2.0 Spellcasting
 - Level 2.7 Translocations


You had 15 spell levels left.
You didn't know any spells.
Your spell library contained the following spells:

 Spells                   Type           Power      Damage    Failure   Level
 Blink                    Tloc           28%        N/A       9%          2
 Magic Dart               Conj           8%         1d3       16%         1
 Slow                     Hex            8%         N/A       16%         1
 Summon Small Mammal      Summ           8%         N/A       16%         1
 Gell's Gravitas          Tloc           14%        N/A       16%         3
 Lesser Beckoning         Tloc           14%        N/A       16%         3
 Teleport Other           Tloc           14%        N/A       16%         3
 Call Imp                 Summ           2%         N/A       24%         2
 Call Canine Familiar     Summ           2%         N/A       43%         3
 Confusing Touch          Hex            2%         N/A       43%         3
 Frozen Ramparts          Ice            4%         1d2       43%         3
 Mephitic Cloud           Conj/Pois/Air  2%         N/A       43%         3
 Summon Guardian Golem    Hex/Summ       2%         N/A       43%         3
 Vampiric Draining        Necr           2%         2d6       43%         3
 Manifold Assault         Tloc           14%        N/A       83%         5
 Animate Dead             Necr           1%         N/A       85%         4
 Ice Form                 Ice/Tmut       2%         N/A       85%         4
 Summon Ice Beast         Ice/Summ       2%         N/A       85%         4
 Borgnjor's Vile Clutch   Necr/Erth      1%         N/A       99%         5
 Death Channel            Necr           1%         N/A       100%        6
 Haunt                    Necr/Summ      1%         N/A       100%        7
 Infestation              Necr           1%         N/A       100%        8


Dungeon Overview and Level Annotations

Branches:
Dungeon (12/15)            Temple (0/1) D:5            Lair (0/6) D:11
    Orc (2/2) D:12            Elf (0/3) Orc:2       Ossuary (visited)

Altars:
Ashenzari
Cheibriados
Dithmenos
Elyvilon
Fedhas
Qazlal
Ru
Sif Muna
Trog
Vehumet
Xom
The Shining One
Beogh

Shops:
D:3 (   D:5 (   D:8 (   D:11 [

Annotations:
D:3 Grinder, Terence
D:12 Urug


Innate Abilities, Weirdness & Mutations

You have a pair of antennae on your head.
A demonic guardian rushes to your aid.
You are partially covered in sharp spines.
You have a tail ending in a sharp stinger.
Your touch may inflict minor irresistible damage on your foes.


Message History

The orc priest closely misses you. The orc knight misses you.
An orc comes into view. It is wielding a +0 club.
You hit the orc priest.
You kill the orc priest!
You barely miss the orc warrior.
The orc warrior hits you with a +0 dire flail!!
The orc knight closely misses you.
You barely miss the orc warrior. You closely miss the orc warrior.
You tail-slap the orc warrior, but do no damage.
You punch the orc warrior, but do no damage.
The orc warrior is struck by your spines.
The orc warrior hits you with a +0 dire flail.
The orc knight is struck by your spines.
The orc knight hits you with a +0 great mace.
You hit the orc.
The orc is poisoned.
The orc is heavily wounded.
The orc warrior barely misses you. The orc closely misses you.
The orc knight hits you with a +0 great mace!!
You hit the orc.
The orc looks as sick as possible!
You tail-slap the orc, but do no damage.
The orc is almost dead.
You kill the orc!
You hit the orc warrior.
The orc warrior is poisoned.
You touch the orc warrior.
The orc warrior is heavily wounded.
The orc no longer looks unusually strong.
The orc warrior is struck by your spines.
The orc warrior hits you with a +0 dire flail!
The orc knight is struck by your spines.
The orc knight hits you with a +0 great mace!!
* * * LOW HITPOINT WARNING * * *
A demonic guardian appears!
Blink to where?
Press: ? - help, Dir - move target
As you read the scroll of blinking, it crumbles to dust.
The orc warrior throws a boomerang.
The boomerang barely misses your smoke demon.
The boomerang hits you!
You die...

............## #########
.............# ##.##....##
............. #.........##
.....o....# ##..........#
.......$..# #...........##
......)o).## #####...........##
.......o§3.###..#......#.......
###....)....#..<.......#.......
#...#.....).@......###.......
######.............# #.......
###.#.##......#####.....
#####........#.#......
#.#......#...)....
#####........<...#
#...........## #[...[[......#
#####..)[)...##


You could see an orc knight (extremely poisoned, ally target), an orc warrior
(strong, very poisoned) and a friendly smoke demon (summoned).

Vanquished Creatures
  2 two-headed ogres
  Pikel (D:4)
  2 orc knights
  2 cyclopes
  A komodo dragon (D:11)
  5 trolls
  Prince Ribbit (D:5)
  A hornet (D:6)
  Sigmund (D:3)
  2 shadows
  2 wraiths
  Eustachio (D:4)
  10 yaks
  A wyvern (D:11)
  2 vampire mosquitoes (D:10)
  2 steam dragons
  8 orc warriors
  An ice beast (D:4)
  4 black bears
  2 wolves (D:11)
  3 ogres
  6 centaurs
  A lemure (D:5)
  A kobold brigand (D:7)
  7 bullfrogs
  A gnoll sergeant (D:11)
  4 scorpions
  6 wights
  8 killer bees (D:9)
  4 howler monkeys
  A centaur zombie (Ossuary)
  4 hounds
  A human zombie (Ossuary)
  6 orc priests
  A gnoll shaman (D:10)
  An iguana (D:7)
  Natasha (thrice) (D:4)
  13 orc wizards
  2 mummies (Ossuary)
  Robin (D:2)
  14 gnolls
  8 adders
  An ufetubus (D:6)
  An adder zombie (Ossuary)
  A worm (D:4)
  A dart slug (D:2)
  51 orcs
  5 endoplasms
  7 giant cockroaches
  12 hobgoblins
  13 kobolds
  A quokka (D:2)
  7 ball pythons
  5 bats
  A frilled lizard (D:3)
  16 goblins
  3 goblin zombies (Ossuary)
  8 hobgoblin zombies (Ossuary)
  A jackal zombie (Ossuary)
  9 kobold zombies (Ossuary)
  11 orc zombies (Ossuary)
  4 rats
  2 rat zombies (Ossuary)
307 creatures vanquished.

Vanquished Creatures (collateral kills)
  Erica (Orc:1)
  An orc sorcerer (Orc:1)
  A shadow (D:11)
  A water elemental (D:11)
  11 yaks
  Grum (D:11)
  An acid dragon (D:8)
  2 orc warriors
  A lemure (D:5)
  A kobold brigand (D:8)
  3 gnoll sergeants
  2 scorpions
  3 wights
  2 killer bees (D:9)
  A hound (D:6)
  6 gnolls
  2 orcs
  A quokka (D:3)
  6 kobolds (D:8)
47 creatures vanquished.

Vanquished Creatures (others)
  9 fungi (D:11)
  7 plants (D:11)
16 creatures vanquished.

Grand Total: 370 creatures vanquished

Notes
Turn   | Place    | Note
-------+----------+-------------------------------------------
     0 | D:1      | hquester the Demonspawn Warper began the quest for the Orb.
     0 | D:1      | Reached XP level 1. HP: 16/16 MP: 3/3
   153 | D:1      | Reached skill level 1 in Armour
   349 | D:1      | Discovered your monstrous ancestry.
   349 | D:1      | Gained mutation: Your touch may inflict minor irresistible
                  | damage on your foes. [demonic ancestry]
   349 | D:1      | Reached XP level 2. HP: 22/22 MP: 5/5
   351 | D:1      | Found a faded altar of an unknown god.
   836 | D:2      | Reached skill level 1 in Stealth
   836 | D:2      | Gained mutation: You have a small tail. [demonic ancestry]
   836 | D:2      | Reached XP level 3. HP: 19/28 MP: 6/6
   957 | D:2      | Noticed Robin
  1313 | D:2      | Killed Robin
  1471 | D:2      | Found a broken altar of Ashenzari.
  1632 | D:2      | Gained mutation: A weak demonic guardian rushes to your
                  | aid. [demonic ancestry]
  1632 | D:2      | Reached XP level 4. HP: 32/34 MP: 7/7
  2057 | D:3      | Found Veecsat's Weapon Boutique.
  2124 | D:3      | Noticed Sigmund
  2315 | D:3      | Noticed a black bear
  2323 | D:3      | Killed a black bear
  2324 | D:3      | Reached XP level 5. HP: 20/41 MP: 8/8
  2591 | D:3      | Noticed Grinder
  2604 | D:3      | Noticed Terence
  2618 | D:3      | Paralysed by Grinder for 4 turns
  2729 | D:4      | Noticed Eustachio
  2749 | D:5      | Entered Level 5 of the Dungeon
  2783 | D:5      | Noticed Prince Ribbit
  2828 | D:5      | Killed Prince Ribbit
  2829 | D:5      | Gained mutation: You have a pair of small antennae on your
                  | head. [demonic ancestry]
  2829 | D:5      | Reached XP level 6. HP: 13/47 MP: 9/9
  3086 | D:5      | Found a staircase to the Ecumenical Temple.
  3123 | D:5      | Found Maeddowki's Antique Weapon Boutique.
  3187 | D:5      | Gained mutation: A demonic guardian rushes to your aid.
                  | [demonic ancestry]
  3187 | D:5      | Reached XP level 7. HP: 53/53 MP: 10/10
  3729 | D:4      | Killed Eustachio
  3948 | D:4      | Noticed Pikel
  4132 | D:4      | Reached XP level 8. HP: 30/61 MP: 11/11
  4238 | D:4      | Killed Pikel
  4239 | D:4      | Reached skill level 5 in Fighting
  4323 | D:4      | Noticed Natasha
  4330 | D:4      | Killed Natasha
  4451 | D:4      | Found a blossoming altar of Fedhas.
  4699 | D:4      | Noticed Natasha
  4709 | D:4      | Killed Natasha
  4736 | D:4      | Noticed Natasha
  4742 | D:4      | Killed Natasha
  5119 | D:4      | Found a shimmering altar of Xom.
  5428 | D:3      | Killed Sigmund
  5429 | D:3      | Reached skill level 5 in Short Blades
  5429 | D:3      | Reached skill level 5 in Dodging
  5429 | D:3      | Reached skill level 5 in Stealth
  5815 | D:6      | Reached XP level 9. HP: 68/68 MP: 12/12
  5840 | D:6      | Found a shadowy altar of Dithmenos.
  5840 | D:6      | Found a stormy altar of Qazlal.
  5840 | D:6      | Found a sacrificial altar of Ru.
  5840 | D:6      | Found a bloodstained altar of Trog.
  6292 | D:6      | Paralysed by a hornet for 1 turns
  6297 | D:6      | Reached skill level 5 in Armour
  6409 | D:6      | Noticed a troll
  6422 | D:6      | Killed a troll
  8110 | D:7      | Found a snail-covered altar of Cheibriados.
  8455 | D:7      | Gained mutation: You have a pair of antennae on your head.
                  | [demonic ancestry]
  8455 | D:7      | Reached XP level 10. HP: 52/77 MP: 13/13
  8939 | D:8      | Reached skill level 1 in Unarmed Combat
  9016 | D:8      | Found a sand-covered staircase.
  9022 | Ossuary  | Entered an ossuary
  9411 | D:8      | HP: 1/79 [yak (12)]
  9873 | D:8      | Found Ahutom's Weapon Shop.
 10143 | D:8      | Found a runed translucent door.
 11534 | D:9      | Noticed a two-headed ogre
 11556 | D:9      | Killed a two-headed ogre
 11557 | D:9      | Gained mutation: You are partially covered in sharp spines.
                  | [demonic ancestry]
 11557 | D:9      | Reached XP level 11. HP: 40/85 MP: 14/14
 13167 | D:10     | Entered Level 10 of the Dungeon
 13554 | D:10     | Found a shimmering blue altar of Sif Muna.
 13812 | D:10     | Noticed a two-headed ogre
 13823 | D:10     | Killed a two-headed ogre
 14674 | D:11     | Noticed Grum
 14956 | D:11     | Killed Grum
 15093 | D:11     | Found Fihizuur's Antique Armour Emporium.
 15173 | D:11     | Found a staircase to the Lair.
 15506 | D:12     | Found a staircase to the Orcish Mines.
 15506 | D:12     | Noticed Urug
 15595 | Orc:1    | Entered Level 1 of the Orcish Mines
 15595 | Orc:1    | Noticed an orc knight
 15598 | Orc:1    | Noticed Erica
 15614 | Orc:1    | Killed Erica
 15632 | Orc:1    | Killed an orc knight
 15633 | Orc:1    | Gained mutation: You have a tail ending in a sharp stinger.
                  | [demonic ancestry]
 15633 | Orc:1    | Reached XP level 12. HP: 83/94 MP: 15/15
 15715 | Orc:2    | Entered Level 2 of the Orcish Mines
 15715 | Orc:2    | Found a radiant altar of Vehumet.
 15720 | Orc:2    | Found a staircase to the Elven Halls.
 15906 | Orc:2    | Reached skill level 5 in Unarmed Combat
 16362 | Orc:2    | HP: 1/94 [orc knight/+0 great mace (29)]
 16363 | Orc:2    | Hit by a boomerang thrown by an orc warrior

Illustrated notes

Levels and vault maps discovered:
D:1:      elethiomel_arrival_quiet, layout_rooms,
          nicolae_ecumenical_snake_handling
D:2:      layout_basic, basic_altar, minmay_indecisive_spiral, uniq_robin
D:3:      layout_basic, serial_corexii_hall, corexii_hall_statues_l,
          corexii_hall_statues_l, chequers_hall_statues_wall_a, serial_shops,
          nicolae_shop_stone, uniq_terence, uniq_sigmund, uniq_grinder
D:4:      layout_basic, tgw_xom, mainiacjoe_overflow_brackets,
          general_overflow_altar, uniq_pikel, uniq_natasha, uniq_eustachio
D:5:      layout_loops_ring, minmay_temple_entry_mist, serial_shops,
          kennysheep_mini, uniq_prince_ribbit1
D:6:      minmay_klotski, layout_loops_ring,
          chequers_temple_overflow_statue_of_worship, minmay_crystal_room,
          hex_large, uniq_menkaure
D:7:      layout_basic, mainiacjoe_overflow_alcove_2
D:8:      layout_basic, nicolae_ossuary_entry_plus, nicolae_stop_n_shop_1,
          lightli_church_of_beogh
D:9:      layout_roguey
D:10:     layout_gridville, mainiacjoe_overflow_catwalk_spiral
D:11:     layout_roguey, grunt_lair_entry_orc_guard_hut, serial_shops,
          nicolae_stop_n_shop_2, fountainhead, uniq_grum
D:12:     layout_rooms, orc_0_dummy, uniq_urug, uniq_sonja
Orc:1:    layout_diamond_mine, hellmonk_bongcloud_opening, nicolae_shop_gadgets,
          uniq_erica
Orc:2:    grunt_orc_tribal_feast, layout_diamond_mine, basic_altar

Skill      XL: |  1  2  3  4  5  6  7  8  9 10 11 12 |
---------------+-------------------------------------+-----
Armour         | 1 2 3 4 5 6 7 8 |  8.0
Short Blades   | 2 3 4 5 6 7 8 |  8.1
Dodging        | 2 3 4 5 6 7 8 |  8.1
Stealth        | 1 2 3 5 6 7 8 |  8.6
Fighting       | 3 4 5 6 7 8 |  8.9
Unarmed Combat | 3 4 5 |  5.0
Throwing       | |  0.8
Spellcasting   | |  2.0
Translocations | |  2.7

Action                   |  1- 3 |  4- 6 |  7- 9 | 10-12 || total
-------------------------+-------+-------+-------+-------++-------
Melee: Short sword       |   121 |       |       |       ||   121
       Touch             |    16 |    14 |    61 |   162 ||   253
       Dagger            |    15 |    77 |   263 |   696 ||  1051
       Tailslap          |     4 |    13 |    48 |   152 ||   217
       Punch             |       |     2 |     6 |    24 ||    32
  Use: Scroll            |       |       |     9 |    11 ||    20
       Potion            |       |       |     2 |     6 ||     8
 Stab: Sleeping          |       |       |     3 |     6 ||     9
       Distracted        |       |       |       |     2 ||     2
Armor: Leather armour    |    57 |       |       |       ||    57
       Scale mail        |       |    51 |   130 |   161 ||   342
       Troll leather arm |       |       |       |    22 ||    22
Dodge: Dodged            |    98 |    54 |   145 |   350 ||   647

Table legend: (Time is in decaauts)
 A = Elapsed time spent in this place.
 B = Non-inter-level travel time spent in this place.
 C = Inter-level travel time spent in this place.
 D = Time resting spent in this place.
 E = Time spent auto-exploring this place.
 F = Levels seen in this place.
 G = Mean time per level.
                   A        B        C        D        E       F      G
               +--------+--------+--------+--------+--------+-----+--------+
         Total |  16072 |  15658 |    414 |   3257 |   8367 |  15 | 1071.5 |
       Dungeon |  15029 |  14615 |    414 |   2997 |   8142 |  12 | 1252.4 |
  Orcish Mines |    736 |    736 |      0 |    260 |    225 |   2 |  368.0 |
       Ossuary |    306 |    306 |      0 |      0 |      0 |   1 |  306.0 |
               +--------+--------+--------+--------+--------+-----+--------+

Top non-repeatable levels by time:
     D:9: 2198 daAuts
     D:8: 1691 daAuts
     D:6: 1604 daAuts
     D:4: 1575 daAuts
     D:7: 1402 daAuts
    D:10: 1206 daAuts
     D:2: 1105 daAuts
     D:5: 1092 daAuts
     D:3: 1015 daAuts
     D:1: 988 daAuts
    D:11: 919 daAuts
   Orc:2: 491 daAuts
 Ossuary: 306 daAuts
   Orc:1: 244 daAuts
    D:12: 228 daAuts
